 Dungeon Crawl Stone Soup version 0.30-a0-782-ge64f9170bb (webtiles) character file.

Game seed: 5202671239911088565

239 Dirtsage the Ruffian (level 5, 0/41 HPs)
             Began as a Demonspawn Fighter on Mar 13, 2023.
             Slain by a gnoll bouda
             ... wielding a +0 whip
              (10 damage)
             ... on level 3 of the Dungeon.
             The game lasted 00:04:25 (2412 turns).

Dirtsage the Ruffian (Demonspawn Fighter)           Turns: 2412, Time: 00:04:27

Health: 0/41       AC:  6    Str: 18    XL:     5   Next: 79%
Magic:  0/5        EV:  9    Int: 10    God:
Gold:   157        SH:  5    Dex: 18    Spells: 4/4 levels left

rFire   . . .      SeeInvis .    p - +4 dagger (freeze)
rCold   + . .      Faith    .    c - +0 buckler
rNeg    . . .      Spirit   +    b - +0 scale mail
rPois   .          Reflect  .    (helmet restricted)
rElec   .          Harm     .    (no cloak)
rCorr   .          Rampage  .    (no gloves)
Will    .....                    (no boots) Stlth
                                 (no amulet)
HPRegen 0.26/turn                I - ring of protection from cold
MPRegen 0.18/turn                o - +6 ring of dexterity

@: weakened
A: horns 1, magic shield, magic regeneration
a: no special abilities


You were on level 3 of the Dungeon.
You visited 1 branch of the dungeon, and saw 4 of its levels.

You collected 157 gold pieces.

Inventory:

Hand Weapons
 a - a +0 war axe
 p - a +4 dagger of freezing (weapon)
Armour
 b - a +0 scale mail (worn)
 c - a +0 buckler (worn)
Jewellery
 o - a +6 ring of dexterity (right hand)
 I - a ring of protection from cold (left hand)
Wands
 r - a wand of paralysis (8)
Scrolls
 e - 2 scrolls of teleportation {unknown}
 f - 3 scrolls of fog {unknown}
 i - 5 scrolls of identify {unknown}
 k - a scroll of vulnerability {unknown}
 l - 3 scrolls of immolation {unknown}
 n - a scroll of noise {unknown}
 t - a scroll of torment {unknown}
 u - a scroll of blinking {unknown}
Potions
 d - 2 potions of might
 g - 2 potions of brilliance {unknown}
 h - 2 potions of magic {unknown}
 j - 3 potions of mutation {unknown}
 m - a potion of heal wounds {unknown}
 q - 4 potions of curing
 s - a potion of berserk rage {unknown}
 v - a potion of flight {unknown}


   Skills:
 + Level 3.3 Fighting
 - Level 2.6 Axes
 - Level 2.6 Armour
 - Level 2.6 Shields
 * Level 4.5 Unarmed Combat


You had 4 spell levels left.
You didn't know any spells.
Your spell library contained the following spells:

 Spells                   Type           Power      Damage    Failure   Level
 Kiss of Death            Conj/Necr      0%         2d5       85%         1
 Magic Dart               Conj           0%         1d3       85%         1
 Call Imp                 Summ           0%         N/A       94%         2
 Hailstorm                Conj/Ice       0%         3d3       99%         3
 Mephitic Cloud           Conj/Pois/Air  0%         N/A       99%         3
 Ice Form                 Ice/Tmut       0%         N/A       100%        4
 Iskenderun's Mystic Bla  Conj/Tloc      0%         2d3       100%        4
 Simulacrum               Ice/Necr       0%         N/A       100%        6
 Haunt                    Necr/Summ      0%         N/A       100%        7


Dungeon Overview and Level Annotations

Branches:
Dungeon (4/15)
 Temple: D:4-7

Altars:
Trog

Shops:
D:3 :


Innate Abilities, Weirdness & Mutations

You have a pair of small horns on your head.
When hurt, damage is shared between your health and your magic reserves.
You regenerate magic rapidly.


Message History

The gnoll bouda is moderately wounded.
The gnoll bouda hits you but does no damage.
You hit the gnoll bouda. You freeze the gnoll bouda.
You headbutt the gnoll bouda.
The gnoll bouda is severely wounded.
You block the gnoll bouda's attack.
You hit the gnoll bouda but do no damage.
The gnoll bouda is severely wounded.
The gnoll bouda hits you with a +0 whip.
You take 2 damage, and have 15/41 hp.
You hit the gnoll bouda. You freeze the gnoll bouda.
The gnoll bouda is almost dead.
The gnoll bouda hits you with a +0 whip.
You hit the gnoll bouda but do no damage.
The gnoll bouda is almost dead.
The gnoll bouda hits you with a +0 whip!
* * * LOW HITPOINT WARNING * * *
You take 8 damage, and have 7/41 hp.
You now have 0/5 mp.
You hit the gnoll bouda. You freeze the gnoll bouda.
The gnoll bouda is almost dead.
The gnoll bouda closely misses you.
You hit the gnoll bouda but do no damage.
Your headbutt misses the gnoll bouda.
The gnoll bouda is almost dead.
The gnoll bouda mumbles some strange prayers to its god.
The gnoll bouda is healed somewhat.
You feel better. The gnoll bouda closely misses you.
You regained 10 hp, and now have 17/41 hp.
You hit the gnoll bouda but do no damage.
The gnoll bouda is severely wounded.
You block the gnoll bouda's attack.
The gnoll bouda hits you with a +0 whip!
* * * LOW HITPOINT WARNING * * *
You take 7 damage, and have 10/41 hp.
You hit the gnoll bouda. You freeze the gnoll bouda.
The gnoll bouda is almost dead.
The gnoll bouda gazes fiercely through you!
You feel as though you will be weak longer.
The gnoll bouda hits you with a +0 whip!
You die...

##### ##...## ###########
##.....## ..........#
##.......##
#########.####.........###
#................#
######.)@......#.#
#.(#..g....##.#
#.#.#.....###.# #.##.#...##
#.# #.###.#..# #.# ######.#
#.#..# #.####
#######...##.###.#..# #....#
#...................#######.#
#.###........###..........#.#


You could see a gnoll bouda.

Vanquished Creatures
  7 gnolls
  7 adders
  2 worms (D:2)
  6 dart slugs
  5 orcs
  8 endoplasms
  3 giant cockroaches
  6 goblins
  7 hobgoblins
  3 quokkas
  12 ball pythons
  7 bats
  5 frilled lizards
  5 kobolds
  6 rats
89 creatures vanquished.

Vanquished Creatures (others)
  8 plants (D:1)
8 creatures vanquished.

Grand Total: 97 creatures vanquished

Notes
Turn   | Place    | Note
-------+----------+-------------------------------------------
     0 | D:1      | Dirtsage the Demonspawn Fighter began the quest for the
                  | Orb.
     0 | D:1      | Reached XP level 1. HP: 18/18 MP: 1/1
   104 | D:1      | Discovered your monstrous ancestry.
   104 | D:1      | Gained mutation: You have a pair of small horns on your
                  | head. [demonic ancestry]
   104 | D:1      | Reached XP level 2. HP: 12/24 MP: 2/2
   296 | D:1      | Reached skill level 1 in Unarmed Combat
   519 | D:1      | Gained mutation: You regenerate magic rapidly. [demonic
                  | ancestry]
   519 | D:1      | Reached XP level 3. HP: 29/29 MP: 3/3
   794 | D:1      | Reached skill level 2 in Unarmed Combat
   898 | D:2      | Reached XP level 4. HP: 35/35 MP: 4/4
   931 | D:2      | Reached skill level 3 in Unarmed Combat
   947 | D:2      | Got the Guidebook on Shifting Black Arts
  1406 | D:3      | Found Nopnoyr's Book Shoppe.
  1470 | D:3      | Gained mutation: When hurt, damage is shared between your
                  | health and your magic reserves. [demonic ancestry]
  1470 | D:3      | Reached XP level 5. HP: 41/41 MP: 5/5
  1678 | D:3      | Reached skill level 4 in Unarmed Combat
  1922 | D:3      | Found a bloodstained altar of Trog.
  2412 | D:3      | Slain by a gnoll bouda

Illustrated notes

Levels and vault maps discovered:
D:1:      lightli_arrival_maybe_door_vault, layout_loops_ring,
          kennysheep_decorative_pillar, serial_bayou_lagoon_a
D:2:      layout_rooms
D:3:      layout_loops_ring, general_overflow_altar, serial_shops,
          nicolae_diamond_shop
D:4:      layout_gridville, minmay_mini_jars

Skill      XL: |  1  2  3  4  5 |
---------------+----------------+-----
Axes           | 2 |  2.6
Unarmed Combat | 1 2 3 4 |  4.5
Fighting       | |  3.3
Armour         | |  2.6
Shields        | |  2.6

Action                     |  1- 3 |  4- 6 || total
---------------------------+-------+-------++-------
  Melee: War axe           |    74 |    18 ||    92
         Headbutt          |     4 |    19 ||    23
         Dagger            |       |   110 ||   110
    Use: Potion            |       |     2 ||     2
 Armour: Scale mail        |    46 |    29 ||    75
  Dodge: Dodged            |    35 |    59 ||    94
  Block: Buckler           |    19 |    27 ||    46

Table legend: (Time is in decaauts)
 A = Elapsed time spent in this place.
 B = Non-inter-level travel time spent in this place.
 C = Inter-level travel time spent in this place.
 D = Time resting spent in this place.
 E = Time spent auto-exploring this place.
 F = Levels seen in this place.
 G = Mean time per level.
                   A        B        C        D        E       F      G
               +--------+--------+--------+--------+--------+-----+--------+
         Total |   2465 |   2403 |     62 |     74 |   1805 |   4 |  616.2 |
       Dungeon |   2465 |   2403 |     62 |     74 |   1805 |   4 |  616.2 |
               +--------+--------+--------+--------+--------+-----+--------+

Top non-repeatable levels by time:
     D:3: 917 daAuts
     D:1: 820 daAuts
     D:2: 527 daAuts
     D:4: 199 daAuts
